 Dungeon Sprint DCSS version 0.30-a0-622-gddc90eaa04 (webtiles) character file.

Game seed: 3258508581113248257

368 Darkkill the Slasher (level 6, -6/45 HPs)
             Began as a Minotaur Wanderer on Jan 10, 2023.
             Was an Initiate of Gozag.
             Mangled by Prince Ribbit (12 damage)
             ... in the Dungeon (Sprint VII: "The Pits").
             The game lasted 00:01:43 (274 turns).

Darkkill the Slasher (Minotaur Wanderer)             Turns: 274, Time: 00:01:43

Health: -6/45      AC: 14    Str: 21    XL:     6   Next: 41%
Magic:  8/8        EV:  8    Int:  6    God:    Gozag
Gold:   432        SH:  0    Dex: 10    Spells: 5/5 levels left

rFire   . . .      SeeInvis .    o - +2 quarterstaff (speed)
rCold   . . .      Faith    .    (shield currently unavailable)
rNeg    . . .      Spirit   .    n - +2 plate armour
rPois   .          Reflect  .    (helmet restricted)
rElec   .          Harm     .    (no cloak)
rCorr   .          Rampage  .    (no gloves)
Will    .....      NoTele   +    (no boots) Stlth
                                 (no amulet)
HPRegen 0.27/turn                (no ring)
MPRegen 0.11/turn                (no ring)

@: no status effects
A: horns 2, retaliatory headbutt
a: Renounce Religion, Potion Petition, Call Merchant, Bribe Branch


You were in the Dungeon.
You worshipped Gozag.
Gozag was aware of your devotion.
You visited 1 branch You collected 432 gold pieces.

Inventory:

Hand Weapons
 o - a +2 quarterstaff of speed (weapon)
Missiles
 k - 10 stones (quivered)
Armour
 n - a +2 plate armour (worn)
Scrolls
 b - 2 scrolls of teleportation
 l - 5 scrolls of amnesia
 m - a scroll of butterflies
Potions
 a - 2 potions of invisibility
 d - 6 potions of curing {@q1}
 f - a potion of haste
 g - 4 potions of magic
 h - 2 potions of berserk rage


   Skills:
 + Level 7.3 Long Blades
 + Level 6.2 Armour
 + Level 5.6 Dodging
 + Level 4.7 Stealth
 + Level 6.0 Unarmed Combat
 + Level 5.2 Invocations
 + Level 4.8 Evocations


You had 5 spell levels left.
You didn't know any spells.
Your spell library was empty.

Dungeon Overview and Level Annotations

Branches:
Dungeon (1/1)

Altars:
Ashenzari
Cheibriados
Dithmenos
Elyvilon
Fedhas
Gozag
Hepliaklqana
Kikubaaqudgha
Makhleb
Nemelex Xobeh
Okawaru
Qazlal
Ru
Sif Muna
Trog
Uskayaw
Vehumet
Wu Jian
Xom
Yredelemnul
Zin
The Shining One
Jiyva
Lugonu

Annotations:
D Prince Ribbit


Innate Abilities, Weirdness & Mutations

You have a pair of horns on your head.
You reflexively headbutt those who attack you in melee.


Message History

The flying skull hits you! The flying skull hits you.
You thump the flying skull!
You destroy the flying skull!
Prince Ribbit blinks!
The orc priest is distracted by your dazzling golden aura.
Your Long Blades skill increases to level 7!
Your Armour skill gained 2 levels and is now at level 6!
Your Dodging skill increases to level 5!
Your Stealth skill increases to level 4!
Your Unarmed Combat skill increases to level 5!
Your Invocations skill increases to level 5!
Your Evocations skill increases to level 4!
You have reached level 6!
Prince Ribbit blinks!
You see here 54 gold pieces.
You barely miss the orc priest.
The orc priest is no longer distracted by gold.
You headbutt the orc priest.
The orc priest is heavily wounded.
The orc priest barely misses you.
You sock the orc priest!
You kill the orc priest!
The endoplasm freezes you.
You are frozen.
Your Unarmed Combat skill increases to level 6!
You sock the endoplasm!
You kill the endoplasm!
Things that are here:
117 gold pieces; a +0 morningstar; a +0 scale mail You miss Prince Ribbit.
Prince Ribbit is moderately wounded.
Prince Ribbit barely misses you. You furiously retaliate!
You headbutt Prince Ribbit!
Prince Ribbit catches a millipede with his tongue.
Prince Ribbit hits you but does no damage.
You miss Prince Ribbit.
Prince Ribbit is severely wounded.
Prince Ribbit hits you but does no damage.
You barely miss Prince Ribbit.
Prince Ribbit is severely wounded.
Prince Ribbit hits you.
Prince Ribbit blinks!
Prince Ribbit hits you.
You sock Prince Ribbit!
Prince Ribbit is almost dead.
You feel yourself speed up. Prince Ribbit hits you!
* * * LOW HITPOINT WARNING * * *
Prince Ribbit blinks!
You miss Prince Ribbit.
Prince Ribbit is almost dead.
Prince Ribbit hits you.
* * * LOW HITPOINT WARNING * * *
You feel much better.
Prince Ribbit hits you but does no damage.
You closely miss Prince Ribbit.
Prince Ribbit is almost dead.
Prince Ribbit blinks!
You feel much better.
Prince Ribbit blinks!
Things that are here:
117 gold pieces; a +0 morningstar; a +0 scale mail You see here 54 gold pieces.
Things that are here:
117 gold pieces; a +0 morningstar; a +0 scale mail Prince Ribbit hits you.
You miss Prince Ribbit.
Prince Ribbit is severely wounded.
Prince Ribbit barely misses you.
You miss Prince Ribbit. Your headbutt misses Prince Ribbit.
Prince Ribbit is severely wounded.
You recover from your berserk rage.
Prince Ribbit hits you!
You hit Prince Ribbit. Your headbutt misses Prince Ribbit.
Prince Ribbit is almost dead.
Prince Ribbit hits you but does no damage.
You closely miss Prince Ribbit. Your headbutt misses Prince Ribbit.
Prince Ribbit is almost dead.
Prince Ribbit hits you but does no damage.
Prince Ribbit blinks!
You closely miss Prince Ribbit.
Prince Ribbit is almost dead.
Prince Ribbit hits you. x2
You hit Prince Ribbit.
Prince Ribbit is almost dead.
Prince Ribbit barely misses you.
You closely miss Prince Ribbit.
Prince Ribbit is almost dead.
Prince Ribbit hits you!
You miss Prince Ribbit.
Prince Ribbit is almost dead.
Prince Ribbit hits you!
* * * LOW HITPOINT WARNING * * *
You barely miss Prince Ribbit.
Prince Ribbit is almost dead.
Prince Ribbit barely misses you.
You closely miss Prince Ribbit. Your headbutt misses Prince Ribbit.
Prince Ribbit is almost dead.
Prince Ribbit hits you but does no damage.
Prince Ribbit hits you!
You die...
Your body crumbles into a pile of gold.

##########.##.....
#...........'.....
#'#####)#####.....
#.#...#.#).##.....
#.#...#.#))#####'#
#.#...'.#))##.....
#$##)####).##.....
#F#.....#[.##.....
#@#.....#'###...<.
#.#........##.....
#.#........##.....
#$###########.....
#.......# ######
#...#...# #...# .#
#.##. #.. #.


You could see Prince Ribbit.

Vanquished Creatures
  A flying skull (D)
  An orc warrior (D)
  A scorpion (D)
  An orc priest (D)
  2 ufetubi (D)
  3 orcs (D)
  2 endoplasms (D)
  A quokka (D)
  2 ball pythons (D)
  A ball python skeleton (D)
  A bat (D)
  A kobold (D)
17 creatures vanquished.

Notes
Turn   | Place    | Note
-------+----------+-------------------------------------------
     0 | D        | Darkkill the Minotaur Wanderer began the quest for the Orb.
     0 | D        | Darkkill set off with the following items: a +2 falchion, 2
                  | scrolls of teleportation, a +0 scale mail, a potion of
                  | curing {@q1}, a potion of heal wounds, a potion of haste, 2
                  | potions of magic, a potion of berserk rage, a scroll of
                  | blinking.
     0 | D        | Reached XP level 1. HP: 14/14 MP: 0/0
    44 | D        | Found a bloodstained altar of Trog.
    44 | D        | Found a shimmering blue altar of Sif Muna.
    44 | D        | Found a viscous altar of Jiyva.
    44 | D        | Found a hazy altar of Hepliaklqana.
    44 | D        | Found an opulent altar of Gozag.
    45 | D        | Found a glowing golden altar of the Shining One.
    45 | D        | Found a glowing silver altar of Zin.
    45 | D        | Found a basalt altar of Yredelemnul.
    45 | D        | Found a shimmering altar of Xom.
    45 | D        | Found an ornate altar of the Wu Jian Council.
    45 | D        | Found a sacrificial altar of Ru.
    45 | D        | Found a stormy altar of Qazlal.
    45 | D        | Found an iron altar of Okawaru.
    45 | D        | Found a sparkling altar of Nemelex Xobeh.
    45 | D        | Found a burning altar of Makhleb.
    45 | D        | Found a blossoming altar of Fedhas.
    45 | D        | Found a white marble altar of Elyvilon.
    45 | D        | Found a shadowy altar of Dithmenos.
    45 | D        | Found a snail-covered altar of Cheibriados.
    47 | D        | Found a radiant altar of Vehumet.
    47 | D        | Found a corrupted altar of Lugonu.
    49 | D        | Found an ancient bone altar of Kikubaaqudgha.
    49 | D        | Found a hide-covered altar of Uskayaw.
    49 | D        | Found a broken altar of Ashenzari.
    54 | D        | Became a worshipper of Gozag Ym Sagoz the Greedy
    69 | D        | Reached skill level 4 in Long Blades
    71 | D        | Reached XP level 2. HP: 16/20 MP: 0/2
   104 | D        | Noticed a scorpion
   114 | D        | Killed a scorpion
   115 | D        | Reached skill level 5 in Long Blades
   115 | D        | Reached XP level 3. HP: 12/26 MP: 2/4
   115 | D        | Reached XP level 4. HP: 16/33 MP: 2/5
   200 | D        | Noticed an orc warrior
   202 | D        | Noticed Prince Ribbit
   213 | D        | Killed an orc warrior
   214 | D        | Reached skill level 6 in Long Blades
   214 | D        | Reached XP level 5. HP: 38/38 MP: 5/7
   222 | D        | Noticed a flying skull
   231 | D        | HP: 6/38 [orc priest/divine providence (13)]
   242 | D        | Killed a flying skull
   243 | D        | Reached skill level 7 in Long Blades
   243 | D        | Reached skill level 5 in Dodging
   243 | D        | Reached skill level 5 in Unarmed Combat
   243 | D        | Reached skill level 5 in Invocations
   243 | D        | Reached XP level 6. HP: 27/45 MP: 8/8
   252 | D        | HP: 7/45 [Prince Ribbit (12)]
   254 | D        | HP: 3/45 [Prince Ribbit (5)]
   272 | D        | HP: 5/45 [Prince Ribbit (10)]
   274 | D        | Mangled by Prince Ribbit

Illustrated notes

Levels and vault maps discovered:
D:        pitsprint [storerooms_1, entrance_room_1, metal_vault_8, armoury_2,
          mini_pit_1, grid_room_1, main_hall_1, silver_pit, the_coven_2,
          the_vestibule_1, steel_vault_4, golden_pit, hallway_of_sentries,
          crystal_vault_5, iron_vault_1, final_vault]

Skill      XL: |  1  2  3  4  5  6 |
---------------+-------------------+-----
Long Blades    | 4 5 6 7 |  7.3
Armour         | 2 3 4 6 |  6.2
Dodging        | 3 4 5 |  5.6
Stealth        | 2 3 4 |  4.7
Unarmed Combat | 3 4 5 6 |  6.0
Invocations    | 3 4 5 |  5.2
Evocations     | 2 3 4 |  4.8

Action                   |  1- 3 |  4- 6 || total
-------------------------+-------+-------++-------
Melee: Quarterstaff      |    16 |    53 ||    69
       Falchion          |     1 |       ||     1
       Headbutt          |     1 |     5 ||     6
  Use: Potion            |       |     7 ||     7
       Scroll            |       |     1 ||     1
Armor: Scale mail        |    12 |     3 ||    15
       Plate armour      |       |    25 ||    25
Dodge: Dodged            |    16 |    20 ||    36

Table legend: (Time is in decaauts)
 A = Elapsed time spent in this place.
 B = Non-inter-level travel time spent in this place.
 C = Inter-level travel time spent in this place.
 D = Time resting spent in this place.
 E = Time spent auto-exploring this place.
 F = Levels seen in this place.
 G = Mean time per level.
                   A        B        C        D        E       F      G
               +--------+--------+--------+--------+--------+-----+--------+
         Total |    278 |    257 |     21 |     17 |      0 |   1 |  278.0 |
       Dungeon |    278 |    257 |     21 |     17 |      0 |   1 |  278.0 |
               +--------+--------+--------+--------+--------+-----+--------+

Top non-repeatable levels by time:
       D: 278 daAuts

Table legend:
 A = Kills in this place as a percentage of kills in entire the game.
 B = Kills by you in this place as a percentage of kills by you in the entire game.
 C = Kills by friends in this place as a percentage of kills by friends in the entire game.
 D = Other kills in this place as a percentage of other kills in the entire game.
 E = Experience gained in this place as a percentage of experience gained in the entire game.
 F = Experience gained in this place divided by the number of levels of this place that you have seen.
                   A       B       C       D       E      F
               +-------+-------+-------+-------+-------+----------------------
         Total | 100.0 | 100.0 |   N/A |   N/A | 100.0 | 527.0
       Dungeon | 100.0 | 100.0 |   N/A |   N/A | 100.0 | 527.0
               +-------+-------+-------+-------+-------+----------------------
